 Dungeon Crawl Stone Soup version 0.21-a0-238-geb0acef (webtiles) character file.

26653 Monsterracer the Martial Artist (level 13, -8/111 HPs)
             Began as a Black Draconian Transmuter on Sept 2, 2017.
             Was a Priest of Ru.
             Mangled by a wolf (9 damage)
             ... on level 3 of the Lair of Beasts.
             The game lasted 00:35:01 (18738 turns).

Monsterracer the Martial Artist (DrTm)             Turns: 18738, Time: 00:35:01

Health: -8/111     AC: 12    Str: 13    XL:     13   Next: 0%
Magic:  12/17      EV: 16    Int: 17    God:    Ru [***...]
Gold:   753        SH:  0    Dex: 13    Spells: 2/20 levels left

rFire    + . .     SeeInvis .     - Unarmed
rCold    . . .     Gourm    .   (shield currently unavailable)
rNeg     . . .     Faith    +   (armour unavailable)
rPois    +         Spirit   .   (helmet restricted)
rElec    +         Reflect  .   A - +0 cloak
rCorr    .         Harm     .   (gloves currently unavailable)
MR       .....                  J - +2 pair of boots
Stlth    ..........             u - amulet of faith
HPRegen  0.28/turn              l - ring of protection from fire
MPRegen  0.15/turn              y - ring of poison resistance

@: exhausted, blade hands, drained
A: breathe lightning, unfitting armour, low mp 1, electricity resistance,
cold-blooded, no stealth, hated by all, no earth magic, no hexes magic, no
translocations magic, AC +8
a: Breathe Lightning, End Transformation, Draw Out Power, Renounce Religion


You were on level 3 of the Lair of Beasts.
You worshipped Ru.
Ru was most pleased with you.
You were near starving.
You had blades for hands.
You visited 2 branches of the dungeon, and saw 14 of its levels.
You also visited: Bailey and Volcano.

You collected 1027 gold pieces.
You spent 274 gold pieces at shops.

Inventory:

Missiles
 w - 2 throwing nets (quivered)
Armour
 a - a +0 pair of gloves (melded)
 A - a +0 cloak (worn)
 J - a +2 pair of boots (worn)
 P - a +2 buckler
Jewellery
 l - a ring of protection from fire (left scythe-like blade)
 u - an amulet of faith (around neck)
 x - an uncursed amulet of magic regeneration {unknown}
 y - a ring of poison resistance (right scythe-like blade)
 C - an uncursed ring of protection from magic
 H - a cursed +4 amulet of reflection {unknown}
 K - an uncursed amulet of the gourmand {unknown}
Wands
 f - a wand of flame (24/48)
 v - a wand of flame (46/48)
 B - a wand of acid (10/15)
Scrolls
 e - 3 scrolls of enchant weapon
 h - 7 scrolls of teleportation
 j - 2 scrolls of fear
 m - 5 scrolls of remove curse
 G - 3 scrolls of magic mapping
 L - a scroll of fog
Potions
 b - 3 potions of resistance
 d - a potion of agility {unknown}
 g - 3 potions of flight
 i - 5 potions of curing
 k - 3 potions of berserk rage
 n - 3 potions of heal wounds
 o - a potion of mutation {unknown}
 q - 4 potions of might
 r - 2 potions of lignification
 s - a potion of ambrosia {unknown}
 t - a potion of brilliance {unknown}
 z - 2 potions of haste {unknown}
 D - 2 potions of degeneration {unknown}
 I - a potion of experience {unknown}
 M - a potion of cancellation {unknown}
Books
 F - a book of Flames

   Spells                             Type                      Level
   a - Flame Tongue                   Conjuration/Fire             1
   b - Throw Flame                    Conjuration/Fire             2
   c - Conjure Flame                  Conjuration/Fire             3
   d - Inner Flame                    Hexes/Fire                   3
   e - Sticky Flame                   Conjuration/Fire             4
   f - Fireball                       Conjuration/Fire             5
Comestibles
 c - 3 bread rations
 p - 7 meat rations
 E - 10 royal jellies
 N - 2 fruits


   Skills:
 + Level 9.3(8.9) Fighting
 + Level 8.1(7.7) Dodging
   Level 0.0 Stealth
 + Level 2.0(1.7) Shields
 * Level 12.8(12.5) Unarmed Combat
 - Level 4.0(3.7) Spellcasting
 + Level 3.8(3.5) Conjurations
 - Level 11.0(10.7) Transmutations
 + Level 3.1(2.8) Fire Magic
 - Level 3.0(2.7) Ice Magic


You had 2 spell levels left.
You knew the following spells:

 Your Spells              Type           Power        Failure   Level  Hunger
a - Flame Tongue          Conj/Fire      ##...        30%         1    None
b - Ice Form              Ice/Tmut       ####....     45%         4    ####...
c - Conjure Flame         Conj/Fire      ##......     52%         3    ###....
d - Blade Hands           Tmut           #####.....   34%         5    ######.
f - Sticky Flame          Conj/Fire      ##......     82%         4    ####...
z - Apportation           Tloc           #.....       56%         1    None


Dungeon Overview and Level Annotations

Branches:
Dungeon (11/15)            Temple (0/1) D:5            Lair (3/6) D:10
 Shoals (0/4) Lair:2        Snake (0/4) Lair:2
    Orc: D:9-12

Altars:
Ashenzari
Elyvilon
Fedhas
Makhleb
Nemelex Xobeh
Qazlal
Ru
Xom
Zin
The Shining One

Shops:
D:5 =   D:6 [   D:9 [

Annotations:
D:6 exclusion: oklob plant


Innate Abilities, Weirdness & Mutations

You can breathe wild blasts of lightning.
Your glossy black scales are hard. (AC +8)
You cannot fit into any form of body armour.
Your magical capacity is low. (-10% MP)
You are resistant to electric shocks. (rElec)
You are cold-blooded and may be slowed by cold attacks.
You cannot be stealthy.
You are hated by all.
You cannot study or cast Earth magic.
You cannot study or cast Hexes magic.
You cannot study or cast Translocations magic.


Message History

The wolf bites you!
* * * LOW HITPOINT WARNING * * *
The wolf closely misses you.
Huge Dmg: -10%(-10hp) hp: 3%(3hp)
You slice the wolf!!
You kill the wolf!
You have reached level 13!
The wolf barely misses you.
You miss the wolf.
Your tail-slap misses the wolf.
The wolf completely misses you. The wolf bites you.
* * * LOW HITPOINT WARNING * * *
You redirect the wolf's attack!
The wolf misses the wolf.
Huge Dmg: -1%(-1hp) hp: 2%(2hp)
You slash the wolf!
The wolf is heavily wounded.
The wolf bites you.
* * * LOW HITPOINT WARNING * * *
The wolf completely misses you. The wolf bites you!
You die...

...........)....
..................
.................
................
...#.........$.
..###..#.PP........
P.##...###........#
#.###..#h........##
#......@h.......##
#.P.#P.##.........
#.####.#........##.
##.##...P........#
##................P.
#...................
###................
#...............
##.............


You could see 2 wolves.

Vanquished Creatures
  2 hydras
  Erica (Lair:2)
  A centaur warrior (Lair:1)
  A two-headed ogre (D:9)
  A sun demon (Volcano)
  Pikel (D:6)
  2 oklob plants (Lair:1)
  An orc sorcerer (Volcano)
  3 ugly things (Volcano)
  3 elephants (Lair:2)
  2 black mambas
  Psyche (D:10)
  Joseph (D:8)
  2 molten gargoyles (Volcano)
  A gargoyle (D:10)
  3 spiny frogs
  3 komodo dragons
  A red devil (Volcano)
  A snapping turtle (Lair:2)
  9 blink frogs (Lair:1)
  A hippogriff (Lair:2)
  Sigmund (D:2)
  2 fire bats (Volcano)
  4 hogs (D:10)
  A human (D:10)
  9 yaks
  Eustachio (D:6)
  A hungry ghost (D:9)
  A basilisk (Lair:3)
  2 vampire mosquitoes (D:10)
  Menkaure (D:7)
  15 water moccasins
  2 hell hounds (D:10)
  4 porcupines (Lair:1)
  3 ice beasts
  4 slaves (D:6)
  3 orc warriors
  2 sky beasts
  2 necrophages (D:9)
  5 centaurs
  A phantom (D:3)
  15 wolves
  11 ogres
  5 crocodiles
  9 bullfrogs
  A wyvern skeleton (D:10)
  3 scorpions
  7 killer bees
  An electric eel (Lair:1)
  6 wights
  2 howler monkeys
  5 lava snakes (Volcano)
  4 crimson imps
  2 centaur zombies
  A quasit (D:8)
  2 bullfrog zombies
  10 jellies
  6 orc priests
  6 orc wizards
  A centaur skeleton (D:4)
  5 hounds
  A bullfrog skeleton (D:4)
  4 worker ants
  A worker ant zombie (D:7)
  6 gnolls
  2 howler monkey skeletons
  19 adders
  3 shadow imps
  12 oozes
  An adder skeleton (D:4)
  2 adder zombies (D:7)
  4 worms
  5 dart slugs
  7 leopard geckos
  25 orcs
  3 ball pythons
  8 giant cockroaches
  6 goblins
  14 hobgoblins
  5 iguanas
  8 jackals
  4 kobolds
  7 quokkas
  13 bats
  2 frilled lizards
  A jackal skeleton (D:6)
  A quokka zombie (D:7)
  6 rats
  A plant (Lair:1)
378 creatures vanquished.

Vanquished Creatures (collateral kills)
  A jelly (D:2)
1 creature vanquished.

Vanquished Creatures (others)
  A two-headed ogre (D:9)
  12 fungi
  A plant (Lair:1)
14 creatures vanquished.

Grand Total: 393 creatures vanquished

Notes
Turn   | Place    | Note
-------+----------+-------------------------------------------
     0 | D:1      | Monsterracer the Draconian Transmuter began the quest for the Orb.
     0 | D:1      | Reached XP level 1. HP: 16/16 MP: 3/3
   187 | D:1      | Reached XP level 2. HP: 21/23 MP: 5/5
   192 | D:1      | Learned a level 2 spell: Sticks to Snakes
   625 | D:2      | Found a sparkling altar of Nemelex Xobeh.
   661 | D:2      | Reached XP level 3. HP: 19/28 MP: 4/6
   678 | D:2      | Learned a level 3 spell: Spider Form
   782 | D:2      | Noticed Sigmund
  1138 | D:2      | HP: 11/28 [something/magic dart (11)]
  1141 | D:2      | Killed Sigmund
  1141 | D:2      | Reached skill level 4 in Unarmed Combat
  1141 | D:2      | Reached XP level 4. HP: 14/35 MP: 1/7
  1141 | D:2      | Reached XP level 5. HP: 16/40 MP: 1/8
  1742 | D:2      | Reached skill level 5 in Unarmed Combat
  1867 | D:2      | HP: 19/40 [jelly (2)]
  1868 | D:2      | HP: 7/40 [acid (4)]
  1904 | D:2      | HP: 7/40 [acid (5)]
  1904 | D:2      | Reached XP level 6. HP: 8/47 MP: 2/9
  2194 | D:2      | Found a shimmering altar of Xom.
  2402 | D:2      | Found a stormy altar of Qazlal.
  2800 | D:3      | Reached skill level 5 in Transmutations
  3235 | D:3      | Your scales start taking on a glossy black colour.
  3235 | D:3      | Reached XP level 7. HP: 37/52 MP: 1/10
  3235 | D:3      | Gained mutation: You are resistant to electric shocks. (rElec) [Black Draconian growth]
  3479 | D:4      | Learned a level 5 spell: Blade Hands
  3592 | D:4      | Found a sacrificial altar of Ru.
  3615 | D:4      | Became a worshipper of Ru the Awakened
  3807 | D:4      | Reached skill level 6 in Unarmed Combat
  4137 | D:4      | Found a shattered altar of Ashenzari.
  4679 | D:5      | Entered Level 5 of the Dungeon
  4756 | D:5      | Found a staircase to the Ecumenical Temple.
  4960 | D:5      | Found Jeimunn's Jewellery Shop.
  4962 | D:5      | Bought an uncursed ring of poison resistance for 220 gold pieces
  4985 | D:5      | Gained mutation: You are hated by all. [Ru sacrifice]
  4985 | D:5      | Reached * piety under Ru
  5167 | D:5      | Reached XP level 8. HP: 34/62 MP: 11/11
  5481 | D:5      | Found a blossoming altar of Fedhas.
  5523 | D:5      | HP: 25/63 [centaur/arrow (11)]
  5960 | D:6      | Noticed Eustachio
  5996 | D:6      | Killed Eustachio
  5996 | D:6      | Reached skill level 7 in Unarmed Combat
  6348 | D:6      | HP: 32/66 [iguana (6)]
  6353 | D:6      | HP: 30/66 [poisoned by a scorpion]
  6361 | D:6      | HP: 27/66 [poisoned by a scorpion]
  6767 | D:6      | Found Gebariff's Armour Shoppe.
  6768 | D:6      | HP: 26/66 [ogre/giant club (21)]
  6963 | D:6      | Bought a +0 cloak for 54 gold pieces
  6965 | D:6      | Noticed Pikel
  6988 | D:6      | Killed Pikel
  6988 | D:6      | Reached skill level 8 in Unarmed Combat
  6988 | D:6      | Reached XP level 9. HP: 71/72 MP: 6/12
  7062 | D:6      | Noticed an oklob plant
  7113 | D:6      | HP: 36/72 [acid (4)]
  7121 | D:6      | HP: 35/72 [bounced beam (3)]
  7132 | D:6      | HP: 26/72 [bounced beam (3)]
  7138 | D:6      | HP: 16/72 [acid (4)]
  7148 | D:6      | HP: 13/72 [shot self (2)]
  7148 | D:6      | HP: 3/72 [bounced beam (10)]
  7157 | D:6      | HP: 9/72 [hound (1)]
  7168 | D:6      | HP: 10/72 [hound (1)]
  7826 | D:6      | HP: 26/73 [orc warrior/war axe (21)]
  7827 | D:6      | Reached skill level 5 in Fighting
  7836 | D:6      | Learned a level 4 spell: Ice Form
  7843 | D:6      | HP: 28/74 [orc/mace (2)]
  8420 | D:7      | Found a glowing golden altar of the Shining One.
  8476 | D:7      | You fall through a shaft for 3 floors!
  8476 | D:10     | Entered Level 10 of the Dungeon
  8675 | D:10     | HP: 36/74 [vampire mosquito (9)]
  8678 | D:10     | Reached skill level 9 in Unarmed Combat
  8913 | D:10     | Found a staircase to the Lair.
  9014 | D:10     | Reached skill level 5 in Dodging
  9103 | D:9      | Reached XP level 10. HP: 68/81 MP: 7/13
  9120 | D:10     | HP: 39/81 [orc/club (7)]
  9125 | D:10     | HP: 28/81 [bounced beam (12)]
  9130 | D:10     | HP: 25/81 [orc warrior/war axe (4)]
  9410 | D:9      | Found a flagged portal.
  9420 | Bailey   | Entered a bailey
  9420 | Bailey   | Noticed an orc knight
  9420 | Bailey   | Noticed an orc knight
  9423 | Bailey   | Noticed an orc knight
  9425 | Bailey   | HP: 38/81 [orc warrior/bolt (20)]
  9704 | Bailey   | HP: 30/81 [orc warrior/bolt (18)]
  9983 | D:9      | Noticed a two-headed ogre
  9992 | D:9      | Killed a two-headed ogre
  9993 | D:9      | HP: 37/81 [centaur (6)]
 10245 | D:7      | Noticed Menkaure
 10249 | D:7      | Killed Menkaure
 10272 | D:7      | Reached skill level 10 in Transmutations
 10413 | D:7      | Gained mutation: Your magical capacity is low. (-10% MP) [Ru sacrifice]
 10413 | D:7      | Reached ** piety under Ru
 10752 | D:7      | Found a white marble altar of Elyvilon.
 10798 | D:8      | Noticed Joseph
 10808 | D:8      | Killed Joseph
 10810 | D:8      | Reached skill level 10 in Unarmed Combat
 11100 | D:8      | Found a glowing silver altar of Zin.
 11377 | D:9      | HP: 40/84 [centaur (4)]
 11383 | D:9      | HP: 40/84 [poisoned by a killer bee]
 11544 | D:9      | Learned a level 1 spell: Confusing Touch
 11553 | D:9      | Found a burning altar of Makhleb.
 11563 | D:9      | Noticed a two-headed ogre
 11569 | D:9      | Killed a two-headed ogre
 11593 | D:9      | Reached skill level 1 in Hexes
 11670 | D:9      | Found Ostruq's Antique Armour Shop.
 11681 | D:9      | HP: 42/84 [orc warrior/scimitar of holy wrath (14)]
 12218 | D:10     | Reached XP level 11. HP: 77/91 MP: 7/12
 12334 | D:10     | HP: 39/91 [/a scroll of torment (36)]
 12655 | D:10     | Noticed Psyche
 12661 | D:10     | Killed Psyche
 13101 | Lair:1   | Entered Level 1 of the Lair of Beasts
 13402 | Lair:1   | Reached skill level 11 in Unarmed Combat
 13536 | Lair:1   | Reached skill level 1 in Ice Magic
 13541 | Lair:1   | HP: 36/92 [blink frog (16)]
 13565 | Lair:1   | Learned a level 3 spell: Conjure Flame
 13568 | Lair:1   | Learned a level 1 spell: Apportation
 13908 | Lair:1   | Gained mutation: You cannot be stealthy. [Ru sacrifice]
 13918 | Lair:1   | Noticed a centaur warrior
 13921 | Lair:1   | HP: 20/93 [centaur warrior/arrow (30)]
 13926 | Lair:1   | HP: 21/93 [centaur warrior (1)]
 13928 | Lair:1   | Killed a centaur warrior
 14550 | Lair:1   | Noticed an oklob plant
 14551 | Lair:1   | Noticed an oklob plant
 14661 | Lair:1   | Killed an oklob plant
 14671 | Lair:1   | Killed an oklob plant
 14671 | Lair:1   | Reached XP level 12. HP: 61/102 MP: 9/13
 15254 | Lair:2   | Found a dark tunnel.
 15260 | Volcano  | Entered a volcano
 15599 | Volcano  | Reached skill level 1 in Fire Magic
 15632 | Volcano  | Found a bloodstained altar of Trog.
 15641 | Volcano  | Reached skill level 12 in Unarmed Combat
 15641 | Volcano  | Reached skill level 1 in Conjurations
 15646 | Volcano  | HP: 46/103 [purple ugly thing (13)]
 16310 | Lair:2   | Noticed a seven-headed hydra
 16322 | Lair:2   | Killed a seven-headed hydra
 16325 | Lair:2   | Learned a level 1 spell: Flame Tongue
 16409 | Lair:2   | Found a staircase to the Snake Pit.
 16556 | Lair:2   | HP: 51/103 [poisoned by a water moccasin]
 16563 | Lair:2   | HP: 50/103 [poisoned by a water moccasin]
 16570 | Lair:2   | HP: 50/103 [poisoned by a water moccasin]
 16578 | Lair:2   | HP: 50/103 [poisoned by a water moccasin]
 16855 | Lair:2   | Noticed Erica
 16876 | Lair:2   | Killed Erica
 17192 | Lair:2   | HP: 46/103 [elephant (17)]
 17197 | Lair:2   | HP: 37/103 [elephant (6)]
 17591 | Lair:2   | Found a staircase to the Shoals.
 17651 | Lair:3   | HP: 43/104 [spiny frog (16)]
 17656 | Lair:2   | HP: 38/104 [poisoned by a spiny frog]
 17659 | Lair:2   | Reached skill level 1 in Shields
 17661 | Lair:2   | HP: 26/104 [poisoned by a spiny frog]
 17666 | Lair:2   | HP: 25/104 [poisoned by a spiny frog]
 17671 | Lair:2   | HP: 24/104 [poisoned by a spiny frog]
 17678 | Lair:2   | HP: 24/104 [poisoned by a spiny frog]
 17686 | Lair:2   | HP: 24/104 [poisoned by a spiny frog]
 17992 | Lair:3   | HP: 49/104 [yak (4)]
 17999 | Lair:3   | HP: 40/104 [yak (9)]
 18001 | Lair:3   | HP: 17/104 [yak (9)]
 18014 | Lair:3   | Gained mutation: You cannot study or cast Earth magic. [Ru sacrifice]
 18014 | Lair:3   | Gained mutation: You cannot study or cast Hexes magic. [Ru sacrifice]
 18014 | Lair:3   | Gained mutation: You cannot study or cast Translocations magic. [Ru sacrifice]
 18014 | Lair:3   | Reached *** piety under Ru
 18021 | Lair:3   | Learned a level 4 spell: Sticky Flame
 18717 | Lair:3   | Noticed a six-headed hydra
 18728 | Lair:3   | HP: 56/124 [wolf (8)]
 18731 | Lair:3   | HP: 24/124 [six-headed hydra (6)]
 18732 | Lair:3   | Killed a six-headed hydra
 18735 | Lair:3   | HP: 3/104 [wolf (10)]
 18736 | Lair:3   | Reached XP level 13. HP: 3/111 MP: 11/17
 18738 | Lair:3   | HP: 1/111 [wolf (2)]
 18738 | Lair:3   | Mangled by a wolf

Vault maps used:
D:1:      doesnt_arrival_eight_statues, supply_closet_lemuel, minivault_4,
          minmay_surrounded
D:2:      lemuel_doored_altar, lemuel_coloured_pillars_altar, dk_xom_monty_hall,
          uniq_sigmund
D:3:      first_bread, serial_park_tiny_1, st_stairs_13,
          minmay_randomly_rotated_circles
D:4:      nicolae_ru_great_annihilating_truth, serial_glass, glass_columns_a,
          glass_columns_a, ashenzari_altar_1
D:5:      kennysheep_little_box, minmay_temple_entry_junction_2, serial_shops,
          nicolae_shop_behind_doors
D:6:      lemuel_slime, nicolae_overflow_hidden_temple, serial_shops,
          nicolae_shop_statue_plus, uniq_pikel, uniq_eustachio
D:7:      marbit_many_paths, tso_metal_star, uniq_menkaure
D:8:      zin_academy, uniq_joseph
D:9:      kennysheep_mini_moat, enter_bailey_8, serial_shops, shop
D:10:     minmay_lair_entry_lava, grunt_livestock, uniq_psyche
D:11:     wad_crossroads, minmay_orc_entry_temple_small
Lair:1:   grunt_megastairs_2, lemuel_fruit_fields, serial_bayou_shore_a,
          minmay_lair_oklob_chamber
Lair:2:   minmay_shoals_entry_hut, minmay_snake_entry_six_corridors,
          nicolae_volcano_entry_hallway, cheibrodos_lair_caveside_slide,
          uniq_erica
Lair:3:   grunt_megastairs_3
Bailey:   bailey_polearm_4, bailey
Volcano:  volcano_lake

Skill      XL: |  1  2  3  4  5  6  7  8  9 10 11 12 |
---------------+-------------------------------------+-----
Transmutations | 3 4 5 6 8 9 10 11 | 11.0
Unarmed Combat | 4 5 6 8 9 10 11 12 | 12.8
Dodging        | 2 3 4 5 6 7 8 |  8.1
Fighting       | 2 4 5 6 8 9 |  9.3
Hexes          | 1 3 0 |  0.0
Ice Magic      | 2 3 |  3.0
Fire Magic     | 3 |  3.1
Conjurations   | 3 |  3.8
Spellcasting   | 4 |  4.0
Shields        | 2 |  2.0

Action                   |  1- 3 |  4- 6 |  7- 9 | 10-12 | 13-15 || total
-------------------------+-------+-------+-------+-------+-------++-------
Melee: Unarmed           |    78 |   194 |   525 |   583 |     2 ||  1382
       Tailslap          |     3 |    12 |    49 |    66 |       ||   130
       Kick              |     5 |     4 |       |       |       ||     9
       Punch             |       |     1 |     7 |    24 |       ||    32
 Cast: Beastly Appendage |     1 |     1 |       |       |       ||     2
       Spider Form       |     4 |     5 |    16 |       |       ||    25
       Sticks to Snakes  |       |     1 |     3 |       |       ||     4
       Blade Hands       |       |       |     8 |    62 |       ||    70
       Confusing Touch   |       |       |       |    11 |       ||    11
       Ice Form          |       |       |       |     4 |       ||     4
       Flame Tongue      |       |       |       |     3 |       ||     3
Invok: Sacrifice Love    |       |       |     1 |       |       ||     1
       Sacrifice Essence |       |       |       |     1 |       ||     1
       Sacrifice Stealth |       |       |       |     1 |       ||     1
       Draw Out Power    |       |       |       |     1 |       ||     1
       Sacrifice Arcana  |       |       |       |     1 |       ||     1
 Abil: Breathe Lightning |       |       |     8 |     2 |       ||    10
Evoke: Wand              |       |       |       |     1 |       ||     1
  Use: Scroll            |       |       |    13 |    12 |       ||    25
       Potion            |       |       |     1 |     3 |       ||     4
 Stab: Sleeping          |       |     4 |     4 |     2 |       ||    10
       Paralysed         |       |       |     1 |       |       ||     1
       Distracted        |       |       |     1 |     2 |       ||     3
       Invisible         |       |       |       |     1 |       ||     1
       Confused          |       |       |       |     5 |       ||     5
  Eat: Chunk             |     1 |     8 |    23 |    36 |       ||    68
       Bread ration      |       |       |     1 |     4 |       ||     5
       Fruit             |       |       |       |     5 |       ||     5
Armor: Skin              |    38 |    49 |   135 |   139 |       ||   361
Dodge: Dodged            |    72 |   120 |   359 |   415 |     3 ||   969

Table legend:
 A = Spawn XP
 B = Non-spawn XP
 C = Spawn XP percentage of total XP
 D = Spawn monster count
 E = Non-spawn monster count
 F = Spawn count percentage of total count
 G = Total turns spent on level
                    A         B        C        D         E        F      G
               +---------+---------+-------+---------+---------+-------+---------
         Total |    6336 |   31740 |  16.6 |      61 |     311 |  16.4 | 18738
               +---------+---------+-------+---------+---------+-------+---------
           D:1 |       6 |      28 |  17.6 |       3 |      13 |  18.8 |   902
           D:2 |      37 |     344 |   9.7 |      11 |      28 |  28.2 |  1680
           D:3 |      94 |     286 |  24.7 |       5 |      27 |  15.6 |   880
           D:4 |     115 |     223 |  34.0 |       9 |      15 |  37.5 |  1217
           D:5 |     191 |     473 |  28.8 |       3 |      10 |  23.1 |  1595
           D:6 |     395 |    2257 |  14.9 |       9 |      45 |  16.7 |  2074
           D:7 |       0 |    1181 |   0.0 |       0 |      21 |   0.0 |   670
           D:8 |       0 |     871 |   0.0 |       0 |       7 |   0.0 |   571
           D:9 |     524 |    2920 |  15.2 |       5 |      30 |  14.3 |  1148
          D:10 |      70 |    3224 |   2.1 |       1 |      23 |   4.2 |  1712
          D:11 |       0 |      52 |   0.0 |       0 |       5 |   0.0 |   147
        Lair:1 |    2946 |    6151 |  32.4 |       9 |      35 |  20.5 |  2121
        Lair:2 |    1805 |    5037 |  26.4 |       5 |      23 |  17.9 |  1856
        Lair:3 |     153 |    3964 |   3.7 |       1 |      14 |   6.7 |   768
       Volcano |       0 |    4729 |   0.0 |       0 |      15 |   0.0 |   892
               +---------+---------+-------+---------+---------+-------+---------
